 Dungeon Crawl Stone Soup version 0.30.1-3-gfc49f6343a (webtiles) character file.

Game seed: 7111907672091300198

33 boopmooplesden the Twirler (level 3, 0/28 HPs)
             Began as a Demonspawn Gladiator on July 30, 2023.
             Slain by an orc wizard
             ... wielding a +0 dagger
              (2 damage)
             ... on level 2 of the Dungeon.
             The game lasted 00:01:24 (1252 turns).

boopmooplesden the Twirler (Demonspawn Gladiator)   Turns: 1252, Time: 00:01:24

Health: 0/28       AC:  4    Str: 16    XL:     3   Next: 12%
Magic:  3/3        EV: 12    Int:  9    God:
Gold:   112        SH:  0    Dex: 14    Spells: 2/2 levels left

rFire   . . .        a - +0 quarterstaff
rCold   . . .        (shield currently unavailable)
rNeg    . . .        b - +0 leather armour
rPois   .            c - +0 helmet
rElec   .            (no cloak)
rCorr   .            (no gloves)
SInv    .            (no boots)
Will    .....        (no amulet)
Stlth   +            (no ring)
HPRegen 0.24/turn    (no ring)
MPRegen 0.08/turn

%: no passive effects
@: about to teleport, hasted, very quick
A: spiny 1
a: no special abilities


You were on level 2 of the Dungeon.
You visited 1 branch of the dungeon, and saw 2 of its levels.

You collected 112 gold pieces.

Inventory:

Hand Weapons
 a - a +0 quarterstaff (weapon)
Missiles
 d - 2 throwing nets (quivered)
 e - a javelin
 l - 2 boomerangs
Armour
 b - a +0 leather armour (worn)
 c - a +0 helmet (worn)
Scrolls
 g - a scroll of identify {unknown}
 h - a scroll of poison {unknown}
 i - 2 scrolls of teleportation
 j - a scroll of blinking {unknown}
Potions
 k - a potion of ambrosia {unknown}


   Skills:
 + Level 2.5 Fighting
 + Level 3.1 Staves
 + Level 1.8 Throwing
 + Level 0.3 Armour
 + Level 3.0 Dodging
 + Level 0.2 Stealth


You had 2 spell levels left.
You didn't know any spells.
Your spell library contained the following spells:

 Spells                   Type           Power      Damage    Failure   Level
 Static Discharge         Conj/Air       0%         2-2/arc   58%         2
 Airstrike                Air            0%         2d(0-16)  99%         4
 Summon Lightning Spire   Summ/Air       0%         N/A       99%         4


Dungeon Overview and Level Annotations

Branches:
Dungeon (2/15)

Altars:

Shops:
D:1 [   D:2 :


Innate Abilities, Weirdness & Mutations

You are partially covered in sharp spines.


Message History

The orc shouts!
You hit the orc.
You kill the orc!
An orc comes into view. It is wielding a +0 whip.
The orc shouts!
You hear a shout! x2
You see here a +0 whip.
An orc wizard comes into view. It is wielding a +0 dagger.
The orc is struck by your spines. The orc closely misses you.
You barely miss the orc.
The orc is severely wounded.
The orc barely misses you.
The orc wizard casts a spell.
The orc wizard flickers and vanishes!
Deactivating autopickup; reactivate with Ctrl-A.
You hit the orc but do no damage.
The orc is severely wounded.
The orc is struck by your spines. The orc misses you.
You hit the orc but do no damage.
The orc is severely wounded.
The orc is struck by your spines.
You kill the orc!
An orc priest comes into view. It is wielding a +0 hand axe.
You barely miss the orc.
The orc priest calls down the wrath of Beogh upon you.
Beogh smites you!
Ouch! That really hurt!
You closely miss something. You closely miss something.
You hear some strange, mumbled words.
A puff of flame appears from out of thin air!
The puff of flame hits you!
* * * LOW HITPOINT WARNING * * *
Something hits you.
* * * LOW HITPOINT WARNING * * *
As you read the scroll labelled HEUV OLAPUN, it crumbles to dust.
You feel strangely unstable.
It was a scroll of teleportation.
Something hits you.
* * * LOW HITPOINT WARNING * * *
It was a potion of haste.
You feel yourself speed up. Something hits you.
You die...

# ###############.#
..........).@{o.#
########.#####o..# #.#
.##.### #.# .# ....
###########.# .##....
#.........[.#####....#
#.#########........#
.. #.#
###########.#[#.# ##..
#.# #.<...<.........#
#..


You could see an orc priest and an orc.

Vanquished Creatures
  A worm (D:2)
  2 orcs (D:2)
  4 endoplasms
  A giant cockroach (D:1)
  2 hobgoblins
  2 quokkas (D:1)
  4 ball pythons
  A bat (D:1)
  3 frilled lizards (D:1)
  5 kobolds
25 creatures vanquished.

Notes
Turn   | Place    | Note
-------+----------+-------------------------------------------
     0 | D:1      | boopmooplesden the Demonspawn Gladiator began the quest for
                  | the Orb.
     0 | D:1      | Reached XP level 1. HP: 16/16 MP: 1/1
    71 | D:1      | Found Peatute's Armour Shoppe.
   367 | D:1      | Gained mutation: You are partially covered in sharp spines.
                  | [demonic ancestry]
   367 | D:1      | Reached XP level 2. HP: 22/22 MP: 2/2
   442 | D:1      | Found a faded altar of an unknown god.
  1010 | D:2      | Found Duoleyx's Book Emporium.
  1202 | D:2      | Reached XP level 3. HP: 28/28 MP: 3/3
  1252 | D:2      | Slain by an orc wizard

Illustrated notes

Levels and vault maps discovered:
D:1:      amcnicky_arrival_abandoned_market, layout_loops_corners,
          shapermc_ecumenical_altar_mp_highgroup, serial_shops,
          nicolae_shop_tiny_waterfront
D:2:      layout_loops_ring, serial_shops, shop

Skill      XL: |  1  2 |
---------------+-------+-----
Dodging        | 3 |  3.0
Staves         | 3 |  3.1
Fighting       | |  2.5
Throwing       | |  1.8
Armour         | |  0.3
Stealth        | |  0.2

Action                     || total
---------------------------++-------
  Melee: Quarterstaff      ||    59
  Throw: Throwing net      ||     1
    Use: Scroll            ||     1
         Potion            ||     1
 Armour: Leather armour    ||     9
  Dodge: Dodged            ||    35
